 Dungeon Crawl Stone Soup version 0.21-a0-41-g5e91fef (webtiles) character file.

107 MackTheKnife the Ogre Mage (level 4, 0/39 HPs)
             Began as an Ogre Fire Elementalist on June 4, 2017.
             Slain by a gnoll
             ... wielding a +0 spear
              (2 damage)
             ... on level 4 of the Dungeon.
             The game lasted 00:05:28 (3835 turns).

MackTheKnife the Ogre Mage (Ogre Fire Elementalist) Turns: 3835, Time: 00:05:29

Health: 0/39       AC:  3    Str: 12    XL:     4   Next: 86%
Magic:  1/9        EV: 10    Int: 17    God:
Gold:   187        SH:  0    Dex:  9    Spells: 4/10 levels left

rFire    . . .     SeeInvis .   n - +1 flail
rCold    . . .     Gourm    .   (no shield)
rNeg     . . .     Faith    .   a - +0 robe
rPois    .         Spirit   .   (helmet restricted)
rElec    .         Reflect  .   (no cloak)
rCorr    .         Harm     .   (gloves unavailable)
MR       .....                  (boots unavailable)
Stlth    +.........             (no amulet)
Regen    0.2/turn               (no ring)
MPRegen  0.2/turn               (no ring)

@: no status effects
A: unfitting armour, tough skin 1
a: no special abilities


You were on level 4 of the Dungeon.
You were hungry.

You visited 1 branch of the dungeon, and saw 4 of its levels.

You collected 187 gold pieces.

Inventory:

Hand Weapons
 n - a +1 flail (weapon)
   (You took it off an orc on level 2 of the Dungeon)
Armour
 a - a +0 robe (worn)
Scrolls
 m - 3 scrolls of remove curse
Potions
 d - a potion of flight {unknown}
 j - a potion of cancellation {unknown}
Books
 b - a book of Flames
Comestibles
 c - a bread ration {@e1}
 f - a meat ration {@e2}
 h - 2 fruits


   Skills:
 - Level 1.7 Dodging
 - Level 1.4 Stealth
 + Level 3.6 Spellcasting
 + Level 2.6 Conjurations
 + Level 3.3 Fire Magic


You had 4 spell levels left.
You knew the following spells:

 Your Spells              Type           Power        Failure   Level  Hunger
c - Conjure Flame         Conj/Fire      ##......     14%         3    ###....
x - Throw Flame           Conj/Fire      ##....       7%          2    ##.....
z - Flame Tongue          Conj/Fire      ##...        4%          1    None


Dungeon Overview and Level Annotations

Branches:
Dungeon (4/15)
 Temple: D:4-7

Altars:
The Shining One

Annotations:
D:3 anele's ghost, amateur GnTm


Innate Abilities, Weirdness & Mutations

You are too large for most types of armour.
You have tough skin. (AC +1)


Message History

You see here a stone.
You see here 24 bolts.
You see here a trident.
You now have 180 gold pieces (gained 14).
There is a stone staircase leading down here.
You see here 28 arrows.
Anele's ghost is too close now for your liking.
Health restored: 39 Anele's ghost is nearby!
Anele's ghost is nearby!
Anele's ghost is nearby!
Anele's ghost turns its malevolent gaze towards you.
The fire ignites!
You now have 6/9 mp.
Aim: anele's ghost The flame tongue hits anele's ghost.
You now have 5/9 mp.
Aim: anele's ghost (lightly damaged)
The flame tongue hits anele's ghost.
Anele's ghost appears unharmed.
You now have 4/9 mp.
Aim: anele's ghost (lightly damaged)
The flame tongue misses anele's ghost.
You now have 3/9 mp.
Unknown command.
Aim: anele's ghost (lightly damaged)
The flame tongue hits anele's ghost.
You now have 2/9 mp.
Aim: anele's ghost (moderately damaged)
The flame tongue hits anele's ghost.
Anele's ghost appears unharmed.
Aim: anele's ghost (moderately damaged)
The flame tongue misses anele's ghost.
You now have 0/9 mp.
You see here 28 arrows.
There is a stone staircase leading down here.
You climb downwards.
There is a stone staircase leading up here.
You start resting.
You are feeling hungry.
You regained 6 mp, and now have 7/9 mp.
d - a fuming pink potion You now have 187 gold pieces (gained 7).
A gnoll comes into view. It is wielding a whip.
The gnoll shouts!
Found an escape hatch in the ceiling. 2 gnolls come into view.
MP restored: 9
There are monsters nearby!
There are monsters nearby!
A gnoll comes into view. It is wielding a whip.
The gnoll shouts! x2
Aim: a gnoll, wielding a flail (hasn't noticed you)
The flame tongue hits the gnoll.
The gnoll shouts!
You now have 8/9 mp.
Aim: a gnoll, wielding a flail (moderately wounded)
The flame tongue hits the gnoll.
The gnoll closely misses you.
You now have 7/9 mp.
Aim: a gnoll, wielding a flail (moderately wounded)
The flame tongue hits the gnoll.
The gnoll hits you but does no damage.
The gnoll hits you from afar with a spear.
The gnoll barely misses you.
You take 2 damage, and have 37/39 hp.
You now have 6/9 mp.
Unknown command.
Aim: a gnoll, wielding a flail (severely wounded)
The flame tongue hits the gnoll.
You kill the gnoll!
The gnoll hits you but does no damage.
The gnoll hits you from afar with a spear.
You take 5 damage, and have 32/39 hp.
You now have 5/9 mp.
Aim: a gnoll, wielding a whip The flame tongue misses the gnoll.
The gnoll hits you with a whip! The gnoll closely misses you.
The gnoll hits you from afar with a spear.
You take 12 damage, and have 20/39 hp.
MASSIVE DAMAGE!!
You now have 4/9 mp.
Aim: a gnoll, wielding a whip The flame tongue hits the gnoll.
The gnoll hits you but does no damage. The gnoll closely misses you.
The gnoll hits you from afar with a spear.
You now have 3/9 mp.
Unknown command.
Aim: a gnoll, wielding a whip (moderately wounded)
The flame tongue hits the gnoll.
The gnoll closely misses you. The gnoll hits you with a whip.
The gnoll hits you but does no damage.
You take 4 damage, and have 16/39 hp.
You now have 2/9 mp.
Aim: a gnoll, wielding a whip (severely wounded)
The flame tongue hits the gnoll.
The gnoll appears unharmed.
The gnoll barely misses you. The gnoll hits you with a whip!
* * * LOW HITPOINT WARNING * * *
The gnoll closely misses you.
You take 11 damage, and have 5/39 hp.
MASSIVE DAMAGE!!
You now have 1/9 mp.
Aim: a gnoll, wielding a whip (severely wounded)
The flame tongue hits the gnoll.
The gnoll hits you with a whip.
* * * LOW HITPOINT WARNING * * *
The gnoll misses you.
The gnoll hits you from afar with a spear.
You die...

#........................
#....#...........###...##
#..#.#...........#####.#
#..#.#.....[......####.#
#..#............#......#
#..###............###..##
#.. #...................
#.. #...................
#.. #..@.......#.....<..
###gg........(......
g.##..............
..#...#...###......
.#.#...#..## #......
...<#.. #..# #.##... #.
.. .. ..# ......# . ...
... ... ...#


You could see 3 gnolls.

Vanquished Creatures
  A gnoll (D:4)
  3 adders
  2 worms (D:2)
  3 dart slugs (D:1)
  3 orcs
  A ball python (D:3)
  2 bats
  2 giant cockroaches
  9 goblins
  6 hobgoblins
  3 jackals (D:1)
  6 kobolds
  A quokka (D:1)
  4 frilled lizards
  11 rats
57 creatures vanquished.

Notes
Turn   | Place    | Note
-------+----------+-------------------------------------------
     0 | D:1      | MackTheKnife the Ogre Fire Elementalist began the quest for the Orb.
     0 | D:1      | Reached XP level 1. HP: 16/16 MP: 3/3
    18 | D:1      | Reached skill level 1 in Conjurations
   194 | D:1      | Reached XP level 2. HP: 16/24 MP: 1/5
   397 | D:1      | HP: 5/24 [goblin/club (5)]
   406 | D:1      | HP: 5/24 [bat (1)]
   415 | D:1      | HP: 4/24 [bat (1)]
   420 | D:1      | HP: 4/24 [bat (1)]
   703 | D:2      | Reached skill level 3 in Spellcasting
   776 | D:1      | Reached XP level 3. HP: 17/31 MP: 0/7
  1205 | D:1      | HP: 7/31 [hobgoblin/club (7)]
  1206 | D:1      | Reached skill level 2 in Conjurations
  1980 | D:2      | Reached skill level 3 in Fire Magic
  2087 | D:2      | Learned a level 3 spell: Conjure Flame
  2090 | D:2      | Learned a level 2 spell: Throw Flame
  2212 | D:2      | Found a glowing golden altar of the Shining One.
  2242 | D:2      | Reached XP level 4. HP: 39/39 MP: 2/8
  2637 | D:3      | Noticed anele's ghost (amateur GnTm)
  3834 | D:4      | HP: 5/39 [gnoll/whip (11)]
  3835 | D:4      | HP: 2/39 [gnoll/whip (3)]
  3835 | D:4      | Slain by a gnoll

Vault maps used:
D:1:      scummos_arrival_simple_fountains
D:2:      tso_metal_star
D:4:      first_bread, serial_shops, shop, serial_bayou_pond_e, minivault_5,
          uniq_sigmund

Skill      XL: |  1  2  3 |
---------------+----------+-----
Conjurations   | 1 2 |  2.6
Spellcasting   | 3 |  3.6
Fire Magic     | 3 |  3.3
Dodging        | |  1.7
Stealth        | |  1.4

Action                   |  1- 3 |  4- 6 || total
-------------------------+-------+-------++-------
Melee: Unarmed           |    56 |       ||    56
       Mace              |     7 |    25 ||    32
       Flail             |       |    17 ||    17
 Cast: Flame Tongue      |    60 |    46 ||   106
       Throw Flame       |     2 |     2 ||     4
       Conjure Flame     |       |     4 ||     4
  Use: Scroll            |     2 |     7 ||     9
 Stab: Sleeping          |     2 |     1 ||     3
  Eat: Chunk             |     4 |     5 ||     9
Armor: Robe              |    46 |    16 ||    62
Dodge: Dodged            |    66 |    60 ||   126

Vault maps used:
D:1:      scummos_arrival_simple_fountains
D:2:      tso_metal_star
D:4:      first_bread, serial_shops, shop, serial_bayou_pond_e, minivault_5,
          uniq_sigmund

Table legend:
 A = Turns spent in this place as a percentage of turns spent in the entire game.
 B = Non-inter-level travel turns spent in this place as a percentage of non-inter-level travel turns spent in the entire game.
 C = Inter-level travel turns spent in this place as a percentage of turns spent in this place.
 D = Turns resting spent in this place as a percentage of non-inter-level travel turns spent in this place.
 E = Turns spent auto-exploring this place as a percentage of non-inter-level travel turns spent in this place.
 F = Non-inter-level travel turns spent in this place divided by the number of levels of this place that you've seen.
                   A       B       C       D       E      F
               +-------+-------+-------+-------+-------+----------------------
         Total | 100.0 | 100.0 |   0.6 |   6.4 |   8.7 | 195.5
       Dungeon | 100.0 | 100.0 |   0.6 |   6.4 |   8.7 | 195.5
               +-------+-------+-------+-------+-------+----------------------

Table legend:
 A = Kills in this place as a percentage of kills in entire the game.
 B = Kills by you in this place as a percentage of kills by you in the entire game.
 C = Kills by friends in this place as a percentage of kills by friends in the entire game.
 D = Other kills in this place as a percentage of other kills in the entire game.
 E = Experience gained in this place as a percentage of experience gained in the entire game.
 F = Experience gained in this place divided by the number of levels of this place that you have seen.
                   A       B       C       D       E      F
               +-------+-------+-------+-------+-------+----------------------
         Total | 100.0 | 100.0 |  -nan |  -nan | 100.0 |  38.5
       Dungeon | 100.0 | 100.0 |  -nan |  -nan | 100.0 |  38.5
               +-------+-------+-------+-------+-------+----------------------
